 Dungeon Crawl Stone Soup version 0.19.3-4-gbf9329e (console) character file.

357 Kloppie the Skirmisher (level 6, -1/78 HPs)
             Began as a Demonspawn Berserker on Jan 30, 2017.
             Was a Priest of Trog.
             Slain by an ogre
             ... wielding a +0 giant spiked club
              (25 damage)
             ... on level 4 of the Dungeon.
             The game lasted 00:03:35 (2478 turns).

Kloppie the Skirmisher (Demonspawn Berserker)       Turns: 2478, Time: 00:03:35

Health: -1/78      AC:  9    Str: 24    XL:     6   Next: 36%
Magic:  6/6        EV: 10    Int:  8    God:    Trog [***...]
Gold:   133        SH:  0    Dex: 13    Spells: 0 memorised, 5 levels left

rFire  + . .     SeeInvis .     a - +0 hand axe
rCold  + . .     Gourm    .     n - +0 scale mail
rNeg   . . .     Faith    .     (no shield)
rPois  .         Spirit   .     (helmet restricted)
rElec  .         Reflect  .     (no cloak)
rCorr  .         Harm     .     (no gloves)
MR     .....                    v - +0 pair of boots
Stlth  ..........               (no amulet)
                                f - ring of protection from cold
                                b - ring of protection from fire

@: berserking, very quick
A: horns 1, slimy green scales 1, spiny 2
a: Berserk, Trog's Hand, Burn Spellbooks, Renounce Religion


You were on level 4 of the Dungeon.
You worshipped Trog.
Trog was most pleased with you.
You were very hungry.

You visited 1 branch of the dungeon, and saw 4 of its levels.

You collected 133 gold pieces.

Inventory:

Hand Weapons
 a - a +0 hand axe (weapon)
 t - a +0 battleaxe
Armour
 n - a +0 scale mail (worn)
 p - a +0 chain mail
 v - a +0 pair of boots (worn)
Jewellery
 b - a ring of protection from fire (left hand)
 f - a ring of protection from cold (right hand)
 g - an uncursed ring of ice
Scrolls
 d - a scroll of fear {unknown}
 e - 2 scrolls of fog {unknown}
 j - a scroll of amnesia {unknown}
 k - 2 scrolls of random uselessness {unknown}
 l - 2 scrolls of identify {unknown}
 m - 3 scrolls of remove curse {unknown}
 s - 3 scrolls of teleportation {unknown}
 x - a scroll of recharging {unknown}
Potions
 h - a potion of brilliance {unknown}
 i - a potion of cancellation {unknown}
 o - 2 potions of might {unknown}
 r - 2 potions of resistance {unknown}
 u - a potion of invisibility {unknown}
 w - a potion of curing {unknown}
Comestibles
 c - 2 bread rations
 q - a meat ration


   Skills:
 * Level 6.0 Fighting
 + Level 4.4 Axes
 - Level 1.7 Armour
 - Level 1.7 Dodging


You had 5 spell levels left.
You didn't know any spells.

Dungeon Overview and Level Annotations

Branches:
Dungeon (4/15)
 Temple: D:4-7

Altars:
Cheibriados
Qazlal
Trog


Innate Abilities, Weirdness & Mutations

You have a pair of small horns on your head.
You are partially covered in slimy green scales. (AC +2)
You are mostly covered in sharp spines.


Message History

Trog accepts your kill.
Your Fighting skill increases to level 6!
The ogre hits you with a giant spiked club.
You hit the ogre but do no damage. You headbutt the ogre.
The ogre is lightly wounded.
The ogre hits you with a giant spiked club!!
* * * LOW HITPOINT WARNING * * *
You are too injured to fight recklessly!
You are too injured to fight recklessly!
A red film seems to cover your vision as you go berserk!
You feel yourself moving faster!
You feel mighty!
You are feeling very hungry.
The ogre is struck by your spines. The ogre closely misses you.
You slash the ogre!
The ogre is moderately wounded.
You barely miss the ogre. Your headbutt misses the ogre.
The ogre is moderately wounded.
The ogre is struck by your spines.
The ogre hits you with a giant spiked club!!
You die...

......#.#....... ... #...#
......#.#.#...####.### #...#
#####.#.#.#........... #...#
........#..........### #..>#
.####.......[.<....... #.###
#..#######.##########.######
#..........................#
#...#........######........#
#...#.......@# #........#
............O# #........#
###.##..(.....# #........#
#.........# #........#
#.........# #........#
.........# ##########
.........# .........#
.........#


You could see an ogre.

Vanquished Creatures
  A phantom (D:4)
  A jelly (D:4)
  A bullfrog skeleton (D:4)
  An orc wizard (D:3)
  2 worker ants (D:4)
  4 gnolls (D:2)
  3 adders
  An ooze (D:1)
  A worm (D:2)
  A dart slug (D:2)
  6 leopard geckos
  3 orcs (D:3)
  A ball python (D:3)
  2 giant cockroaches
  8 goblins
  2 hobgoblins (D:3)
  5 jackals
  6 kobolds
  A quokka (D:3)
  4 bats (D:1)
  3 frilled lizards
  7 rats
64 creatures vanquished.

Notes
Turn   | Place    | Note
-------+----------+-------------------------------------------
     0 | D:1      | Kloppie the Demonspawn Berserker began the quest for the Orb.
     0 | D:1      | Reached XP level 1. HP: 18/18 MP: 1/1
   203 | D:1      | Gained mutation: You have a pair of small horns on your head. [demonic ancestry]
   203 | D:1      | Reached XP level 2. HP: 20/24 MP: 2/2
   778 | D:2      | Gained mutation: You are partially covered in sharp spines. [demonic ancestry]
   778 | D:2      | Reached XP level 3. HP: 30/30 MP: 3/3
   779 | D:2      | Reached ** piety under Trog
   779 | D:2      | Reached skill level 4 in Fighting
   782 | D:2      | Gained mutation: You are partially covered in slimy green scales. (AC +2) [demonic ancestry]
   782 | D:2      | Reached XP level 4. HP: 37/37 MP: 4/4
   783 | D:2      | Found a snail-covered altar of Cheibriados.
   849 | D:2      | Found a stormy altar of Qazlal.
  1981 | D:3      | Reached skill level 5 in Fighting
  1981 | D:3      | Gained mutation: You are mostly covered in sharp spines. [demonic ancestry]
  1981 | D:3      | Reached XP level 5. HP: 44/44 MP: 5/5
  2302 | D:4      | Noticed a phantom
  2320 | D:4      | Killed a phantom
  2369 | D:4      | Reached XP level 6. HP: 41/52 MP: 6/6
  2437 | D:4      | Found a bloodstained altar of Trog.
  2441 | D:4      | Reached *** piety under Trog
  2470 | D:4      | Reached skill level 6 in Fighting
  2478 | D:4      | Slain by an ogre

Skill      XL: |  1  2  3  4  5  6 |
---------------+-------------------+-----
Axes           | 3 4 |  4.4
Fighting       | 4 5 6 |  6.0
Armour         | |  1.7
Dodging        | |  1.7

Action                   |  1- 3 |  4- 6 || total
-------------------------+-------+-------++-------
Melee: Hand axe          |    57 |    81 ||   138
       Headbutt          |     3 |    21 ||    24
Invok: Berserk           |     1 |     1 ||     2
  Eat: Chunk             |       |     6 ||     6
Armor: Animal skin       |     3 |       ||     3
       Leather armour    |     9 |     5 ||    14
       Scale mail        |       |    23 ||    23
Dodge: Dodged            |    38 |    35 ||    73
